 Dungeon Crawl Stone Soup version 0.29.1-2-gbd0b4ee654 (webtiles) character file.

Game seed: 9579378057107740230

533 croobank the Trooper (level 7, -1/52 HPs)
             Began as a Demonspawn Wanderer on Nov 11, 2022.
             Slain by a gnoll
             ... wielding a +0 halberd
              (7 damage)
             ... on level 4 of the Dungeon.
             The game lasted 00:12:54 (5053 turns).

croobank the Trooper (Demonspawn Wanderer)          Turns: 5053, Time: 00:12:54

Health: -1/52      AC:  4    Str: 11    XL:     7   Next: 4%
Magic:  10/11      EV: 12    Int: 13    God:
Gold:   123        SH:  6    Dex: 16    Spells: 9/11 levels left

rFire   . . .      SeeInvis .   a - +0 falchion
rCold   . . .      Faith    .   (no shield)
rNeg    . . .      Spirit   .   o - +0 leather armour
rPois   .          Reflect  .   (no helmet)
rElec   .          Harm     .   d - +0 cloak
rCorr   .          Rampage  .   (no gloves)
Will    .....                   (no boots)
Stlth   +.........              (no amulet)
HPRegen 0.17/turn               (no ring)
MPRegen 0.12/turn               (no ring)

@: wereblooded
A: hooves 1, large bone plates 2, foul stench 1
a: no special abilities


You were on level 4 of the Dungeon.
You visited 1 branch of the dungeon, and saw 4 of its levels.
You also visited: Sewer.

You collected 123 gold pieces.

Inventory:

Hand Weapons
 a - a +0 falchion (weapon)
 b - a +0 sling
 h - a +0 whip of electrocution
 j - a +0 short sword
 x - a +2 dagger of draining
Missiles
 i - 4 javelins (quivered)
 v - 19 poisoned darts
Armour
 d - a +0 cloak (worn)
 f - a +0 robe
 o - a +0 leather armour (worn)
Magical Staves
 k - a staff of conjuration
Wands
 g - a wand of flame (4)
Scrolls
 e - 2 scrolls of teleportation
 m - a scroll of enchant armour {unknown}
 n - a scroll of enchant weapon {unknown}
 s - a scroll of blinking
 t - a scroll of identify
 w - a scroll of fear {unknown}
 y - a scroll of magic mapping
 z - a scroll of poison {unknown}
Potions
 c - 2 potions of haste
 l - a potion of ambrosia
 p - a potion of cancellation {unknown}
 q - a potion of mutation {unknown}
 r - 3 potions of curing {unknown}
 u - a potion of might


   Skills:
 + Level 3.4 Fighting
 + Level 3.3 Long Blades
 + Level 3.2 Dodging
 - Level 3.2 Unarmed Combat
 + Level 2.9 Spellcasting
 + Level 1.9 Transmutations
 + Level 2.0 Earth Magic


You had 9 spell levels left.
You knew the following spells:

 Your Spells              Type           Power      Damage    Failure   Level
a - Wereblood             Tmut           7%         N/A       21%         2

Your spell library contained the following spells:

 Spells                   Type           Power      Damage    Failure   Level
 Sublimation of Blood     Necr           1%         N/A       43%         2
 Petrify                  Tmut/Erth      7%         N/A       78%         4
 Irradiate                Conj/Tmut      2%         3d12      99%         5
 Summon Hydra             Summ           0%         N/A       100%        7


Dungeon Overview and Level Annotations

Branches:
Dungeon (4/15)              Sewer (visited)
 Temple: D:4-7

Altars:
Hepliaklqana


Innate Abilities, Weirdness & Mutations

You have large cloven feet.
You are mostly covered in large bone plates. (SH +6)
You may rarely emit foul miasma when damaged in melee.


Message History

You barely miss the gnoll.
The gnoll is lightly wounded.
You feel a bit better.
You kill the gnoll!
The gnoll hits you with a +0 flail!
You have reached level 7!
You hit the gnoll. You kick the gnoll.
The gnoll is moderately wounded.
You howl as the wereblood boils in your veins!
The gnoll hits you with a +0 club.
You emit a cloud of foul miasma!
The gnoll hits you with a +0 flail!
You hit the gnoll. You kick the gnoll, but do no damage.
The gnoll is severely wounded.
The gnoll is engulfed in dark miasma.
The gnoll is poisoned.
The gnoll hits you but does no damage. The gnoll closely misses you.
You hit the gnoll.
The gnoll is severely wounded.
The gnoll is engulfed in dark miasma.
The gnoll looks even sicker.
You feel a bit better.
You kill the gnoll!
The gnoll hits you from afar with a +0 halberd.
The gnoll misses you.
You closely miss the gnoll. You punch the gnoll.
The gnoll is almost dead.
The gnoll barely misses you. You block the gnoll's attack.
You slash the gnoll!
You feel a bit better.
You kill the gnoll!
The gnoll hits you from afar with a +0 halberd!
* * * LOW HITPOINT WARNING * * *
You block the gnoll's attack.
Things that are here:
a +0 spear; a gnoll corpse You hit the gnoll but do no damage.
You kick the gnoll.
The gnoll is lightly wounded.
The gnoll hits you with a +0 halberd.
* * * LOW HITPOINT WARNING * * *
You completely miss the gnoll. You kick the gnoll.
The gnoll is heavily wounded.
The gnoll misses you. The gnoll hits you with a +0 halberd!
You die...

### ######..# ##.#.....#
#........# #
###........#
##...........
#.)).........
##..@g#.......
####.............
###.....#..........
##.#.#......###.....##.#
..#.............###...#
#
...........#.....##..##
..#..........##.....###
#.#....#.#...#........#
.................#...##


You could see a gnoll.

Vanquished Creatures
  4 kobold brigands (Sewer)
  An iguana (D:4)
  3 gnolls (D:4)
  5 adders
  3 river rats (Sewer)
  7 worms
  2 dart slugs
  8 bats
  16 endoplasms
  2 giant cockroaches
  6 goblins
  9 hobgoblins
  6 jackals (D:1)
  10 kobolds
  3 quokkas
  10 ball pythons
  4 frilled lizards
  9 rats
108 creatures vanquished.

Notes
Turn   | Place    | Note
-------+----------+-------------------------------------------
     0 | D:1      | croobank the Demonspawn Wanderer began the quest for the
                  | Orb.
     0 | D:1      | croobank set off with the following items: a +0 falchion, a
                  | scroll of blinking, a potion of haste, a +0 cloak, a scroll
                  | of teleportation, a +0 robe.
     0 | D:1      | Reached XP level 1. HP: 16/16 MP: 2/2
   240 | D:1      | Gained mutation: You are partially covered in large bone
                  | plates. (SH +4) [demonic ancestry]
   240 | D:1      | Reached XP level 2. HP: 22/22 MP: 3/3
   699 | D:1      | Reached XP level 3. HP: 28/28 MP: 5/5
   776 | D:1      | Found a faded altar of an unknown god.
  1741 | D:2      | Gained mutation: You may rarely emit foul miasma when
                  | damaged in melee. [demonic ancestry]
  1741 | D:2      | Reached XP level 4. HP: 31/34 MP: 6/6
  2797 | D:3      | Found a hazy altar of Hepliaklqana.
  2939 | D:3      | Found a glowing drain.
  2968 | Sewer    | Entered a sewer
  3132 | Sewer    | Noticed a kobold brigand
  3146 | Sewer    | Killed a kobold brigand
  3147 | Sewer    | Reached skill level 1 in Transmutations
  3147 | Sewer    | Reached skill level 1 in Earth Magic
  3147 | Sewer    | Gained mutation: You are mostly covered in large bone
                  | plates. (SH +6) [demonic ancestry]
  3147 | Sewer    | Reached XP level 5. HP: 26/40 MP: 6/8
  3324 | Sewer    | Gained mutation: You have large cloven feet. [demonic
                  | ancestry]
  3324 | Sewer    | Reached XP level 6. HP: 5/47 MP: 9/9
  4877 | D:4      | Learned a level 2 spell: Wereblood
  5046 | D:4      | Reached XP level 7. HP: 30/52 MP: 9/11
  5053 | D:4      | Slain by a gnoll

Illustrated notes

Levels and vault maps discovered:
D:1:      elethiomel_arrival_quiet, layout_basic,
          shapermc_ecumenical_altar_notcrosses, minmay_quantized
D:2:      layout_loops_ring
D:3:      layout_rooms, nicolae_overflow_hidden_temple,
          cheibrodos_sewer_entry_bend, minmay_bisected
D:4:      layout_cave_pools, elyvilon_altar_3, pf_guarded_unrand_woodcutter

Skill      XL: |  1  2  3  4  5  6 |
---------------+-------------------+-----
Dodging        | 2 3 |  3.2
Long Blades    | 2 3 |  3.3
Unarmed Combat | 3 |  3.2
Spellcasting   | 2 |  2.9
Transmutations | 1 |  1.9
Earth Magic    | 1 2 |  2.0
Fighting       | 3 |  3.4

Action                   |  1- 3 |  4- 6 |  7- 9 || total
-------------------------+-------+-------+-------++-------
Melee: Falchion          |    89 |   183 |     7 ||   279
       Punch             |     1 |     2 |     1 ||     4
       Whip              |    20 |    20 |       ||    40
       Kick              |       |    31 |     4 ||    35
 Cast: Wereblood         |       |     1 |       ||     1
Evoke: Wand              |       |     6 |       ||     6
  Use: Scroll            |     3 |     4 |       ||     7
       Potion            |     2 |       |       ||     2
 Stab: Sleeping          |     2 |     2 |       ||     4
Armor: Robe              |    27 |       |       ||    27
       Leather armour    |     4 |    33 |     1 ||    38
Dodge: Dodged            |    88 |    84 |     4 ||   176
Block: Other             |    19 |    50 |     2 ||    71
